 Dungeon Crawl Stone Soup version 0.27-a0-909-g0721f309d1 (webtiles) character file.

Game seed: 4542002252683977024

63 voltaire321 the Ducker (level 4, -1/34 HPs)
             Began as a Djinni Gladiator on Apr 8, 2021.
             Slain by Terence
             ... wielding a +0 flail
              (4 damage)
             ... on level 3 of the Dungeon.
             The game lasted 00:05:10 (1655 turns).

voltaire321 the Ducker (Djinni Gladiator)           Turns: 1655, Time: 00:05:10

Health: -1/34      AC:  4    Str: 13    XL:     4   Next: 10%
Gold:   88         EV: 12    Int: 11    God:
                   SH:  0    Dex: 14

rFire    + + .     SeeInvis .   a - +0 long sword
rCold    x . .     Faith    .   (no shield)
rNeg     . . .     Spirit   .   b - +0 leather armour
rPois    ∞         Reflect  .   c - +0 helmet
rElec    .         Harm     .   (no cloak)
rCorr    .         Rampage  .   (no gloves)
Will     .....                  (boots unavailable)
Stlth    +.........             (no amulet)
HPRegen  0.11/turn              (no ring)
MPRegen  0.00/turn              (no ring)

@: flying
A: fire resistance 2, cold vulnerability 1, float, innate caster, hp casting,
extra vitality 1
a: no special abilities


You were on level 3 of the Dungeon.
You visited 1 branch of the dungeon, and saw 3 of its levels.

You collected 88 gold pieces.

Inventory:

Hand Weapons
 a - a +0 long sword (weapon)
Missiles
 d - 4 throwing nets (quivered)
Armour
 b - a +0 leather armour (worn)
 c - a +0 helmet (worn)
Jewellery
 h - an amulet of faith
Scrolls
 e - a scroll of identify {unknown}
 f - a scroll of silence {unknown}
 g - a scroll of teleportation {unknown}
 k - a scroll of brand weapon {unknown}
Potions
 i - a potion of resistance {unknown}
 j - a potion of lignification {unknown}


   Skills:
 + Level 2.6 Fighting
 + Level 3.1 Long Blades
 - Level 1.5 Throwing
 + Level 1.3 Armour
 + Level 3.7 Dodging
 + Level 1.0 Spellcasting


You had 4 spell levels left.
You knew the following spells:

 Your Spells              Type           Power      Damage    Failure   Level
a - Sandblast             Erth           6%         2d5       26%         1
Your spell library was empty.

Dungeon Overview and Level Annotations

Branches:
Dungeon (3/15)

Altars:

Shops:
D:1 (

Annotations:
D:3 Terence


Innate Abilities, Weirdness & Mutations

You are immune to poison.
Your flesh is very heat resistant. (rF++)
You are vulnerable to cold. (rC-)
You float through the air rather than walking.
You learn spells naturally, not from books.
Your magical power is your life essence.
You have superior vitality. (+4 HP)


Message History

The goblin is heavily wounded.
The goblin misses you.
You hit the goblin.
You kill the goblin!
Things that are here:
a +0 dagger; a goblin corpse You now have 88 gold pieces (gained 11).
There is an escape hatch in the floor here.
A bat comes into view.
The helpless bat fails to defend itself.
You slash the bat!
You kill the bat!
Found a stone staircase leading up.
k - a scroll labelled VAZUXE BYUWNUY You see here a ball python skeleton.
An endoplasm comes into view.
The endoplasm quivers.
The endoplasm freezes you.
You are frozen.
You slash the endoplasm!
You kill the endoplasm!
Done exploring.
Done exploring.
Done exploring.
There is a stone staircase leading down here.
You fly downwards.
Terence the Incautious comes into view.
He is wielding a +0 flail and wearing a +0 scale mail of willpower.
Found a stone staircase leading up and a stone staircase leading down.
There is a stone staircase leading up here.
You closely miss Terence. Terence hits you with a +0 flail.
You barely miss Terence. Terence misses you.
You barely miss Terence. Terence hits you with a +0 flail!
You closely miss Terence. Terence hits you with a +0 flail. x2
You barely miss Terence. Terence barely misses you.
You hit Terence but do no damage. Terence hits you with a +0 flail.
You hit Terence but do no damage. Terence hits you with a +0 flail!
* * * LOW HITPOINT WARNING * * *
There is a stone staircase leading up here.
Terence hits you with a +0 flail.
You die...

#..........#
#....>.....###
#..........#.#
#..<.........
#.........#
#.........#
#.........#
#....@....#
#....@....#
#.###.....# #.
#.....# #
#.....#
#.#...#
#.##..# #.#
..# #.. ..#


You could see Terence.

Vanquished Creatures
  2 adders (D:2)
  6 endoplasms
  2 giant cockroaches (D:1)
  6 goblins (D:2)
  A hobgoblin (D:2)
  3 jackals (D:1)
  8 ball pythons
  3 bats
  3 frilled lizards
  3 kobolds
  6 rats
43 creatures vanquished.

Notes
Turn   | Place    | Note
-------+----------+-------------------------------------------
     0 | D:1      | voltaire321 the Djinni Gladiator began the quest for the
                  | Orb.
     0 | D:1      | Reached XP level 1. HP: 18/18 MP: 0/0
   124 | D:1      | Reached XP level 2. HP: 23/23 MP: 0/0
   291 | D:1      | Found Fiudoph's Weapon Emporium.
   738 | D:1      | Found a faded altar of an unknown god.
   961 | D:2      | Reached XP level 3. HP: 22/28 MP: 0/0
   961 | D:2      | Learned a level 1 spell: Sandblast
   971 | D:2      | Reached skill level 1 in Armour
  1396 | D:2      | Reached skill level 1 in Spellcasting
  1396 | D:2      | Reached XP level 4. HP: 33/34 MP: 0/0
  1641 | D:3      | Noticed Terence
  1655 | D:3      | Slain by Terence

Illustrated notes

Levels and vault maps discovered:
D:1:      giann_horns, layout_basic, serial_shops, nicolae_shop_behind_doors,
          basic_ecumenical_altar
D:2:      minmay_diamond_boxcup, layout_rooms, minmay_strange_pillars,
          corner_web_ring
D:3:      minmay_recursive_quarters, layout_loops_ring, elyvilon_altar_5,
          fedhas_altar_fruit_tree, uniq_terence

Skill      XL: |  1  2  3 |
---------------+----------+-----
Armour         | 1 |  1.3
Long Blades    | 3 |  3.1
Spellcasting   | 1 |  1.0
Fighting       | |  2.6
Throwing       | |  1.5
Dodging        | |  3.7

Action                   |  1- 3 |  4- 6 || total
-------------------------+-------+-------++-------
Melee: Long sword        |    84 |    16 ||   100
 Stab: Sleeping          |     3 |     1 ||     4
Armor: Leather armour    |    26 |     1 ||    27
Dodge: Dodged            |    87 |     6 ||    93
       Rpst.: Long sword |    27 |       ||    27

Table legend: (Time is in decaauts)
 A = Elapsed time spent in this place.
 B = Non-inter-level travel time spent in this place.
 C = Inter-level travel time spent in this place.
 D = Time resting spent in this place.
 E = Time spent auto-exploring this place.
 F = Levels seen in this place.
 G = Mean time per level.
                   A        B        C        D        E       F      G
               +--------+--------+--------+--------+--------+-----+--------+
         Total |   1680 |   1656 |     24 |    215 |   1094 |   3 |  560.0 |
       Dungeon |   1680 |   1656 |     24 |    215 |   1094 |   3 |  560.0 |
               +--------+--------+--------+--------+--------+-----+--------+

Top non-repeatable levels by time:
     D:1: 884 daAuts
     D:2: 780 daAuts
     D:3: 15 daAuts
